 Dungeon Crawl Stone Soup version 0.29-a0-813-g4a14ea37d6 (webtiles) character file.

Game seed: 4570310495391707092

14 gobodom the Digger (level 2, 0/17 HPs)
             Began as an Octopode Earth Elementalist on July 4, 2022.
             Slain by a jackal (2 damage)
             ... on level 1 of the Dungeon.
             The game lasted 00:01:19 (511 turns).

gobodom the Digger (Octopode Earth Elementalist)     Turns: 511, Time: 00:01:20

Health: 0/17       AC:  1    Str:  7    XL:     2   Next: 41%
Magic:  0/5        EV: 13    Int: 17    God:
Gold:   30         SH:  0    Dex: 12    Spells: 4/5 levels left

rFire   . . .      SeeInvis .   h - staff of air
rCold   . . .      Faith    .   (no shield)
rNeg    . . .      Spirit   .   (helmet restricted)
rPois   .          Reflect  .   (no amulet)
rElec   +          Harm     .   (no ring)
rCorr   .          Rampage  .   (no ring)
Will    .....                   (no ring)
Stlth   +++.......              (no ring)
HPRegen 0.05/turn               (no ring)
MPRegen 0.09/turn               (no ring)
                                (no ring)
                                (no ring)

@: no status effects
A: almost no armour, amphibious, 8 rings, camouflage 1, gelatinous body 1,
(nimble swimmer 1), tentacles
a: no special abilities


You were on level 1 of the Dungeon.
You visited 1 branch of the dungeon, and saw 1 of its levels.

You collected 30 gold pieces.

Inventory:

Magical Staves
 h - a staff of air (weapon)
Jewellery
 i - an amulet of faith
Scrolls
 b - 2 scrolls of identify {unknown}
 c - a scroll of immolation {unknown}
 d - a scroll of torment {unknown}
 e - a scroll of poison {unknown}
 g - a scroll of noise {unknown}
 j - a scroll of fear {unknown}
 k - a scroll of teleportation {unknown}
Potions
 a - a potion of magic
 f - a potion of degeneration {unknown}


   Skills:
 + Level 2.3 Dodging
 + Level 2.8 Stealth
 + Level 2.1 Spellcasting
 + Level 1.2 Transmutations
 + Level 3.2 Earth Magic


You had 4 spell levels left.
You knew the following spells:

 Your Spells              Type           Power      Damage    Failure   Level
a - Sandblast             Erth           24%        2d8       4%          1

Your spell library contained the following spells:

 Spells                   Type           Power      Damage    Failure   Level
 Passwall                 Tmut/Erth      7%         N/A       12%         2
 Stone Arrow              Conj/Erth      14%        3d7       30%         3
 Petrify                  Tmut/Erth      9%         N/A       58%         4


Dungeon Overview and Level Annotations

Branches:
Dungeon (1/15)

Altars:


Innate Abilities, Weirdness & Mutations

You cannot wear most types of armour.
You are amphibious.
You can wear up to eight rings at the same time.
Your skin changes colour to match your surroundings (Stealth+).
Your rubbery body absorbs attacks. (AC +1, EV +1)
((You are camouflaged when in or above water. (Stealth+)))
You have tentacles for arms and can constrict up to eight enemies at once.


Message History

A jackal comes into view. x2
The jackal barks!
You can't see any susceptible monsters within range! (Use Z to cast anyway.)
The jackal barks! x2
The blast of sand misses the jackal.
The blast of sand hits the jackal.
The jackal is severely wounded.
The jackal barks!
The jackal attacks as you move away! The jackal bites you.
The jackal closely misses you.
The blast of sand hits the jackal.
You kill the jackal!
The jackal misses you. The jackal barely misses you. The jackal bites you.
The jackal misses you. x2
The blast of sand hits the jackal!
You kill the jackal!
The jackal closely misses you. x2; The jackal barely misses you.
The jackal bites you. The jackal closely misses you. x2
The jackal barely misses you. The jackal attacks as you move away!
The jackal misses you.
The blast of sand hits the jackal but does no damage.
The jackal closely misses you. The jackal bites you.
The jackal barely misses you.
The blast of sand hits the jackal.
You kill the jackal!
The jackal bites you but does no damage.
The jackal bites you.
The jackal bites you but does no damage.
The jackal bites you. The jackal misses you. The jackal barely misses you.
The jackal closely misses you. The jackal barely misses you.
The blast of sand hits the jackal.
The jackal is severely wounded.
The jackal bites you.
The jackal misses you. x2; The jackal bites you.
The jackal barely misses you. The jackal closely misses you.
The jackal bites you.
* * * LOW HITPOINT WARNING * * *
The jackal closely misses you. The jackal bites you.
* * * LOW HITPOINT WARNING * * *
You barely miss the jackal. You grab the jackal. You constrict the jackal.
The jackal bites you.
You die...

......#.#.#..#.#
..........#....#
......#.#.#.†#.###
.............#.#.#
......#.#.#..#.#.#
.............#.#.#
.................#
#.#.###h#.##.....#
#......@h.######.#
###....h#.# #.#
#.#####.# ### #
#.# #.# ###


You could see 3 jackals.

Vanquished Creatures
  An endoplasm (D:1)
  A hobgoblin (D:1)
  4 jackals (D:1)
  A quokka (D:1)
  2 ball pythons (D:1)
  A frilled lizard (D:1)
  2 rats (D:1)
12 creatures vanquished.

Notes
Turn   | Place    | Note
-------+----------+-------------------------------------------
     0 | D:1      | gobodom the Octopode Earth Elementalist began the quest for
                  | the Orb.
     0 | D:1      | Reached XP level 1. HP: 11/11 MP: 3/3
   353 | D:1      | Reached XP level 2. HP: 17/17 MP: 3/5
   511 | D:1      | Slain by a jackal

Illustrated notes

Levels and vault maps discovered:
D:1:      psy_arrival_spokes, layout_basic

Action                   || total
-------------------------++-------
Melee: Unarmed           ||     2
       Constrict         ||     2
       Staff             ||     1
 Cast: Sandblast         ||    15
Armor: Skin              ||     2
Dodge: Dodged            ||    24

Table legend: (Time is in decaauts)
 A = Elapsed time spent in this place.
 B = Non-inter-level travel time spent in this place.
 C = Inter-level travel time spent in this place.
 D = Time resting spent in this place.
 E = Time spent auto-exploring this place.
 F = Levels seen in this place.
 G = Mean time per level.
                   A        B        C        D        E       F      G
               +--------+--------+--------+--------+--------+-----+--------+
         Total |    525 |    525 |      0 |      0 |    416 |   1 |  525.0 |
       Dungeon |    525 |    525 |      0 |      0 |    416 |   1 |  525.0 |
               +--------+--------+--------+--------+--------+-----+--------+

Top non-repeatable levels by time:
     D:1: 525 daAuts
